 Dungeon Crawl Stone Soup version 0.27.0-1-g7a089689b8 (webtiles) character file.

Game seed: 5710422922757392740

67 Strat the Poker (level 4, 0/33 HPs)
             Began as a Formicid Warper on Aug 3, 2021.
             Shot with a bolt by a kobold (9 damage)
             ... on level 4 of the Dungeon.
             The game lasted 00:04:41 (2156 turns).

Strat the Poker (Formicid Warper)                   Turns: 2156, Time: 00:04:43

Health: 0/33       AC:  6    Str: 17    XL:     4   Next: 38%
Magic:  7/7        EV:  9    Int: 12    God:
Gold:   77         SH:  0    Dex: 10    Spells: 7/7 levels left

rFire    . . .     SeeInvis +   a - +0 spear
rCold    . . .     Faith    .   (no shield)
rNeg     . . .     Spirit   .   h - +0 scale mail
rPois    .         Reflect  .   (helmet unavailable)
rElec    .         Harm     .   (no cloak)
rCorr    .         Rampage  .   (no gloves)
Will     .....                  (no boots)
Stlth    ..........             (no amulet)
HPRegen  0.11/turn              (no ring)
MPRegen  0.10/turn              (no ring)

@: no status effects
A: permanent stasis, dig shafts and tunnels, antennae 3, four strong arms
a: Dig, Shaft Self


You were on level 4 of the Dungeon.
You visited 1 branch of the dungeon, and saw 4 of its levels.

You collected 77 gold pieces.

Inventory:

Hand Weapons
 a - a +0 spear (weapon)
Missiles
 c - 5 boomerangs of dispersal (quivered)
 f - 51 stones
Armour
 b - a +0 leather armour
 h - a +0 scale mail (worn)
 m - a +0 kite shield
Scrolls
 d - 3 scrolls of teleportation {unknown}
 e - 3 scrolls of enchant armour {unknown}
 l - a scroll of identify {unknown}
Potions
 g - a potion of resistance {unknown}
 i - a potion of mutation {unknown}
 j - 3 potions of curing {unknown}
 k - 2 potions of flight {unknown}


   Skills:
 - Level 2.1 Fighting
 + Level 4.3 Polearms
 - Level 1.0 Throwing
 - Level 1.1 Armour
 - Level 1.7 Dodging
 - Level 2.1 Spellcasting
 - Level 2.6 Translocations


You had 7 spell levels left.
You didn't know any spells.
Your spell library contained the following spells:

 Spells                   Type           Power      Damage    Failure   Level
 Gell's Gravitas          Tloc           3%         N/A       67%         3
 Lesser Beckoning         Tloc           3%         N/A       67%         3
 Teleport Other           Tloc           7%         N/A       67%         3
 Inner Flame              Hex/Fire       1%         N/A       96%         3
 Cause Fear               Hex            0%         N/A       100%        4
 Manifold Assault         Tloc           7%         N/A       100%        5
 Discord                  Hex            0%         N/A       100%        8
 Blink                    Tloc           Unusable   N/A       N/A         2

Dungeon Overview and Level Annotations

Branches:
Dungeon (3/15)

Altars:

Annotations:
D:2 Ijyb
D:4 Dowan, Duvessa


Innate Abilities, Weirdness & Mutations

You cannot be hasted, slowed, berserked, paralysed or teleported.
You can dig through walls and to a lower floor.
You have a pair of large antennae on your head. (SInv)
Your four strong arms can wield two-handed weapons with a shield.


Message History

You miss Ijyb.
Ijyb is severely wounded.
Ijyb misses you.
Ijyb drinks a potion.
Ijyb is healed!
Ijyb barely misses you.
You hit Ijyb but do no damage. Ijyb hits you with a +0 dagger.
* * * LOW HITPOINT WARNING * * *
You bump into the rock wall.
Ijyb hits you with a +0 dagger.
* * * LOW HITPOINT WARNING * * *
You barely miss Ijyb.
You feel less confused. Ijyb closely misses you.
There is a stone staircase leading up here.
Ijyb hits you with a +0 dagger.
* * * LOW HITPOINT WARNING * * *
You climb upwards.
There is a stone staircase leading down here.
You hit Ijyb but do no damage. Ijyb misses you.
You barely miss Ijyb. Ijyb hits you but does no damage.
You closely miss Ijyb.
Are you sure you want to shaft yourself?
Ijyb hits you but does no damage.
You begin to dig a shaft.
You continue digging a shaft.
Ijyb hits you but does no damage. A shaft appears beneath you!
You fall into a shaft and drop 2 floors!
The shaft crumbles and collapses.
An adder, a kobold, Duvessa and Dowan come into view.
Duvessa shouts!
Dowan shouts!
The adder hisses angrily.
The kobold shouts!
You hear a shout!
Found 13 poisoned darts and a scroll labelled LIPEATTAEWK.
Found a stone staircase leading down.
Dowan barely misses you.
Found a stone staircase leading down.
A kobold comes into view. It is wielding a +0 club.
The kobold shouts!
Dowan hits you but does no damage.
The kobold unwields a +0 club.
The kobold wields a +0 hand crossbow.
The kobold shoots a bolt.
The bolt hits you!
You die...

.....(.......#..
............#.#
#...S......#.#
##.........#
#.....K....#
#...e# ####.# #
###.e##..K..
....##....#
#...@>##
....##......#
### #.#.##..#
#...# >.. ..#..
.. ..##... ..
.... ##. ....


You could see Duvessa, Dowan, an adder and 2 kobolds.

Vanquished Creatures
  An adder (D:2)
  A worm (D:2)
  A dart slug (D:1)
  9 bats
  4 endoplasms
  2 giant cockroaches
  8 goblins
  4 hobgoblins (D:1)
  4 jackals (D:1)
  3 quokkas
  2 ball pythons (D:1)
  4 kobolds
  4 rats
47 creatures vanquished.

Vanquished Creatures (others)
  6 plants (D:2)
6 creatures vanquished.

Grand Total: 53 creatures vanquished

Notes
Turn   | Place    | Note
-------+----------+-------------------------------------------
     0 | D:1      | Strat the Formicid Warper began the quest for the Orb.
     0 | D:1      | Reached XP level 1. HP: 16/16 MP: 3/3
     1 | D:1      | You fall into a shaft and drop 1 floor!
   135 | D:2      | Reached XP level 2. HP: 16/22 MP: 5/5
   263 | D:2      | Reached skill level 3 in Polearms
   523 | D:2      | Reached XP level 3. HP: 25/27 MP: 6/6
  1173 | D:1      | Reached skill level 4 in Polearms
  1173 | D:1      | Reached XP level 4. HP: 30/33 MP: 7/7
  2087 | D:3      | Noticed Ijyb
  2153 | D:2      | You fall into a shaft and drop 2 floors!
  2153 | D:4      | Noticed Duvessa
  2153 | D:4      | Noticed Dowan
  2156 | D:4      | Shot with a bolt by a kobold

Illustrated notes

Levels and vault maps discovered:
D:1:      scummos_arrival_gate, layout_basic
D:2:      layout_rooms, serial_forest, infiniplex_forest_lined_2,
          infiniplex_forest_clump_cross, infiniplex_forest_lined_1,
          infiniplex_forest_lined_room_, infiniplex_forest_lined_3_way,
          infiniplex_forest_end_2, infiniplex_forest_clump_double,
          infiniplex_forest_end_double, minmay_misc_feat_rows
D:3:      layout_loops_cross, mainiacjoe_overflow_small_starburst,
          chei_slow_surprise, uniq_ijyb
D:4:      layout_rooms, okawaru_altar_gauntlet_db, serial_co_window_serial,
          co_window_paths_b, co_window_paths_a, co_window_paths_b,
          co_window_corner_a, co_window_corner_a, co_window_unsneaky_path_b,
          co_window_2corner, co_window_of_opportunity_b, co_window_broadway_b,
          co_window_paths_c, co_window_unsneaky_path_e, glass_columns_b,
          glass_columns_a, glass_columns_a, glass_columns_a, glass_columns_a,
          uniq_blork_the_orc, uniq_duvessa, uniq_menkaure, uniq_grinder

Skill      XL: |  1  2  3 |
---------------+----------+-----
Polearms       | 3 4 |  4.3
Fighting       | |  2.1
Throwing       | |  1.0
Armour         | |  1.1
Dodging        | |  1.7
Spellcasting   | |  2.1
Translocations | |  2.6

Action                   |  1- 3 |  4- 6 || total
-------------------------+-------+-------++-------
Melee: Spear             |   171 |    77 ||   248
 Abil: Shaft Self        |       |     1 ||     1
Armor: Leather armour    |    39 |       ||    39
       Scale mail        |    18 |    23 ||    41
Dodge: Dodged            |    92 |    27 ||   119
